 Dungeon Crawl Stone Soup version 0.21.1-1-g345015fe64 (webtiles) character file.

213 Mrkan the Ruffian (level 5, 0/50 HPs)
             Began as a Troll Monk on May 6, 2018.
             Slain by a gnoll
             ... wielding a +0 halberd
              (15 damage)
             ... on level 3 of the Dungeon.
             The game lasted 00:03:49 (1635 turns).

Mrkan the Ruffian (Troll Monk)                      Turns: 1635, Time: 00:03:49

Health: 0/50       AC:  5    Str: 19    XL:     5   Next: 59%
Magic:  4/4        EV: 10    Int:  6    God:
Gold:   114        SH:  0    Dex: 13    Spells: 4/4 levels left

rFire    . . .     SeeInvis .     - Unarmed
rCold    . . .     Gourm    +   (no shield)
rNeg     . . .     Faith    .   a - +0 robe
rPois    .         Spirit   .   (helmet restricted)
rElec    .         Reflect  .   (no cloak)
rCorr    .         Harm     .   (gloves unavailable)
MR       .....                  (boots unavailable)
Stlth    ++........             (no amulet)
HPRegen  0.56/turn              (no ring)
MPRegen  0.09/turn              (no ring)

@: no status effects
A: large, unfitting armour, claws 3, fast metabolism 3, gourmand, regeneration
1, shaggy fur 1, tough skin 2
a: no special abilities


You were on level 3 of the Dungeon.
You were very full.

You visited 1 branch of the dungeon, and saw 3 of its levels.

You collected 114 gold pieces.

Inventory:

Armour
 a - a +0 robe (worn)
Scrolls
 c - 4 scrolls of identify {unknown}
 d - 2 scrolls of blinking {unknown}
 e - 2 scrolls of teleportation {unknown}
 h - a scroll of immolation {unknown}
 i - a scroll of fog {unknown}
 m - a scroll of remove curse {unknown}
 n - a scroll of amnesia {unknown}
 o - a scroll of enchant armour {unknown}
Potions
 f - a potion of lignification {unknown}
 g - 2 potions of brilliance {unknown}
 k - a potion of might {unknown}
 l - a potion of cancellation {unknown}
Comestibles
 b - 6 rations
 j - 8 chunks of flesh


   Skills:
 - Level 2.4 Fighting
 - Level 2.4 Dodging
 - Level 1.0 Stealth
 + Level 6.4 Unarmed Combat


You had 4 spell levels left.
You didn't know any spells.

Dungeon Overview and Level Annotations

Branches:
Dungeon (3/15)

Altars:


Innate Abilities, Weirdness & Mutations

You are too large for most types of armour.
You have claws for hands.
Your metabolism is lightning-fast.
You like to eat raw meat.
Your natural rate of healing is unusually fast.
You are covered in fur. (AC +1)
You have very tough skin. (AC +2)


Message History

The gnoll is almost dead.
The gnoll barely misses you. The gnoll closely misses you.
You closely miss the gnoll.
The gnoll is almost dead.
The gnoll misses you.
You barely miss the gnoll.
The gnoll is almost dead.
The gnoll closely misses you.
You claw the gnoll!
You kill the gnoll!
The gnoll closely misses you.
You barely miss the goblin. The gnoll closely misses you.
You claw the goblin!
You kill the goblin!
You see here a stone.
The gnoll closely misses you.
You claw the gnoll!
The gnoll is severely wounded.
The gnoll hits you with a halberd!
You die...

# #.....>... #.
#......... #..
##........# #...#####
#..........
....$...###.#............
(........##.#............
....g....##.#.(..#.......
#...#.##g##.#..#.#......
# # #@##.#..#.#..##.#
#.##(##............#
#......###.#......##.
#.##.#.# #......).... ..
#.#.#####.#.##.##. ##
#...........##.#
###.#####.####.# #.#
#.<.)..# ..# ########


You could see a gnoll.

Vanquished Creatures
  An orc priest (D:3)
  An orc wizard (D:3)
  2 adders (D:2)
  5 gnolls
  An ooze (D:2)
  3 worms
  4 dart slugs
  4 leopard geckos (D:2)
  2 orcs (D:3)
  A ball python (D:2)
  11 bats
  2 giant cockroaches
  12 goblins
  4 hobgoblins
  3 frilled lizards (D:2)
  7 kobolds
  4 rats
67 creatures vanquished.

Notes
Turn   | Place    | Note
-------+----------+-------------------------------------------
     0 | D:1      | Mrkan the Troll Monk began the quest for the Orb.
     0 | D:1      | Reached XP level 1. HP: 22/22 MP: 0/0
   152 | D:1      | Reached XP level 2. HP: 29/29 MP: 1/1
   342 | D:1      | Reached skill level 4 in Unarmed Combat
   693 | D:2      | Reached XP level 3. HP: 36/36 MP: 2/2
   912 | D:2      | Reached XP level 4. HP: 13/44 MP: 3/3
  1028 | D:2      | Reached skill level 5 in Unarmed Combat
  1547 | D:3      | Reached XP level 5. HP: 50/50 MP: 4/4
  1568 | D:3      | Reached skill level 6 in Unarmed Combat
  1635 | D:3      | Slain by a gnoll

Skill      XL: |  1  2  3  4  5 |
---------------+----------------+-----
Unarmed Combat | 4 5 6 |  6.4
Fighting       | |  2.4
Dodging        | |  2.4
Stealth        | |  1.0

Action                   |  1- 3 |  4- 6 || total
-------------------------+-------+-------++-------
Melee: Unarmed           |    67 |    82 ||   149
       Punch             |     2 |     5 ||     7
 Stab: Sleeping          |     1 |       ||     1
  Eat: Chunk             |    12 |     8 ||    20
Armor: Robe              |    33 |    33 ||    66
Dodge: Dodged            |    33 |    51 ||    84
